 Dungeon Crawl Stone Soup version 0.29.1-1-gd02db6906a (webtiles) character file.

Game seed: 5897981021469025225

21 jamesp the Chiller (level 2, -1/19 HPs)
             Began as a Barachi Ice Elementalist on Sept 29, 2022.
             Frozen to death by an endoplasm (5 damage)
             ... on level 1 of the Dungeon.
             The game lasted 00:02:44 (542 turns).

jamesp the Chiller (Barachi Ice Elementalist)        Turns: 542, Time: 00:02:44

Health: -1/19      AC:  3    Str:  9    XL:     2   Next: 83%
Magic:  4/5        EV: 12    Int: 15    God:
Gold:   0          SH:  0    Dex: 12    Spells: 5/6 levels left

rFire   + . .      SeeInvis .   f - staff of fire
rCold   . . .      Faith    .   (no shield)
rNeg    . . .      Spirit   .   a - +0 robe
rPois   .          Reflect  .   h - +0 helmet
rElec   .          Harm     .   (no cloak)
rCorr   .          Rampage  .   (no gloves)
Will    .....                   (no boots)
Stlth   ++........              (no amulet)
HPRegen 0.06/turn               e - ring of wizardry
MPRegen 0.09/turn               (no ring)

@: slow
A: amphibious, slowness 1, strong legs 1, +LOS
a: Hop


You were on level 1 of the Dungeon.
You visited 1 branch of the dungeon, and saw 1 of its levels.

Inventory:

Armour
 a - a +0 robe (worn)
 h - a +0 helmet (worn)
Magical Staves
 f - a staff of fire (weapon)
Jewellery
 e - a ring of wizardry (left hand)
Scrolls
 d - a scroll of teleportation {unknown}
 g - a scroll of amnesia {unknown}
 i - a scroll of enchant weapon {unknown}
Potions
 b - a potion of magic
 c - a potion of brilliance {unknown}


   Skills:
 + Level 2.7 Dodging
 - Level 1.7 Stealth
 + Level 2.6 Spellcasting
 + Level 5.1 Ice Magic


You had 5 spell levels left.
You knew the following spells:

 Your Spells              Type           Power      Damage    Failure   Level
a - Freeze                Ice            68%        1d8       1%          1

Your spell library contained the following spells:

 Spells                   Type           Power      Damage    Failure   Level
 Frozen Ramparts          Ice            34%        1d6       3%          3
 Ozocubu's Armour         Ice            17%        N/A       3%          3
 Hailstorm                Conj/Ice       9%         3d4       28%         4


Dungeon Overview and Level Annotations

Branches:
Dungeon (1/15)

Altars:


Innate Abilities, Weirdness & Mutations

You are amphibious.
You cover ground slowly.
You can hop short distances.
You have an extended range of vision and can be seen from far away.


Message History

The ball python barely misses you.
Aiming: Freeze (safe; 1% risk of failure)
Press: ? - help, Q - select action, (/) - cycle Shift-Dir - straight line, f/p - ball python
Aim: a ball python (heavily wounded, slow)
You freeze the ball python.
The ball python is severely wounded.
The ball python seems to slow down.
You completely miss the ball python.
The ball python is severely wounded.
The ball python barely misses you. The ball python grabs you.
The ball python constricts you.
You closely miss the ball python.
The ball python is severely wounded.
The ball python bites you but does no damage.
The ball python constricts you.
You barely miss the ball python.
The ball python is severely wounded.
The ball python closely misses you. The ball python constricts you.
You closely miss the ball python.
The ball python is severely wounded.
The ball python is no longer moving slowly.
The ball python bites you. The ball python constricts you.
You barely miss the ball python.
The ball python is severely wounded.
The ball python barely misses you. The ball python constricts you.
The ball python bites you but does no damage.
The ball python constricts you.
You closely miss the ball python.
The ball python is severely wounded.
The ball python bites you. The ball python constricts you.
You hit the ball python.
You kill the ball python!
The endoplasm freezes you.
You are frozen.
* * * LOW HITPOINT WARNING * * *
You hit the endoplasm.
The endoplasm is heavily wounded.
The endoplasm freezes you.
You are frozen.
You die...

....# #...## ##...#...##
.....###.#.## ##.........##
.........#..# #..........>#
..........#.###...........#
....###........†.†.[......#
.. ...
#..##....#.........## ..S.
#.†.####..........## ....
#.#.####..#..###### .....
##.#.JJ@...#.#####
.....####.....###........#
..........#.#.######.##..#
............#..# #..#####
.........#####.## #.##
.........# #..###.#
.........# ##.....#
.........# ####..#
.........# ####


You could see 2 endoplasms.

Vanquished Creatures
  A dart slug (D:1)
  3 bats (D:1)
  An endoplasm (D:1)
  A giant cockroach (D:1)
  A goblin (D:1)
  3 hobgoblins (D:1)
  A quokka (D:1)
  2 ball pythons (D:1)
  A frilled lizard (D:1)
  3 rats (D:1)
17 creatures vanquished.

Notes
Turn   | Place    | Note
-------+----------+-------------------------------------------
     0 | D:1      | jamesp the Barachi Ice Elementalist began the quest for the
                  | Orb.
     0 | D:1      | Reached XP level 1. HP: 13/13 MP: 3/3
   154 | D:1      | Reached skill level 5 in Ice Magic
   154 | D:1      | Reached XP level 2. HP: 19/19 MP: 0/5
   542 | D:1      | Frozen to death by an endoplasm

Illustrated notes

Levels and vault maps discovered:
D:1:      wander_arrival_chamber, layout_rooms

Skill      XL: |  1 |
---------------+----+-----
Ice Magic      | 5 |  5.1
Dodging        | |  2.7
Stealth        | |  1.7
Spellcasting   | |  2.6

Action                   || total
-------------------------++-------
Melee: Staff             ||    19
 Cast: Freeze            ||    24
Armor: Robe              ||    13
Dodge: Dodged            ||    31
